 Dungeon Crawl Stone Soup version 0.18.1-48-g4cf74bf (webtiles) character file.

22172 glosham the Covert (level 11, -11/81 HPs)
             Began as a Vampire Abyssal Knight on Sept 1, 2016.
             Was an Elder of Lugonu.
             Mangled by a wyvern (14 damage)
             ... on level 9 of the Dungeon.
             The game lasted 02:22:19 (7629 turns).

glosham the Covert (Vampire Abyssal Knight)         Turns: 7629, Time: 02:22:20

Health: -11/81     AC: 10    Str: 12      XL:     11   Next: 19%
Magic:  12/12      EV: 11    Int: 15 (16) God:    Lugonu [****..]
Gold:   741        SH:  0    Dex: 10 (11) Spells: 0 memorised, 10 levels left

rFire  + . .     SeeInvis +     a - +4 hand axe (elec)
rCold  . . .     Gourm    .     X - +0 leather armour {MR+}
rNeg   . . .     Faith    .     (no shield)
rPois  +         Spirit   .     (helmet restricted)
rElec  .         Dismiss  .     Y - +2 cloak
rCorr  .         Reflect  .     V - +1 pair of gloves
SustAt .         Harm     .     W - +1 pair of boots
MR     +++..                    (no amulet)
Stlth  ++++++....               (no ring)
                                A - ring of poison resistance

@: regenerating very quickly, extremely resistant to hostile enchantments, very
stealthy
A: fangs 3, horns 1, see invisible, clumsy 1, deterioration 1, dopey 1, fire
resistance 1, magic resistance 1, mutation resistance 1, wild magic 1,
unbreathing, MP-powered wands
a: Depart the Abyss, Bend Space, Banish, Corrupt, Renounce Religion
}: 1/15 runes: abyssal


You were on level 9 of the Dungeon.
You worshipped Lugonu.
Lugonu was greatly pleased with you.
You were almost alive.

You visited 1 branch of the dungeon, and saw 10 of its levels.
You visited the Abyss 2 times.

You collected 741 gold pieces.

Inventory:

Hand Weapons
 a - a +4 hand axe of electrocution (weapon)
 b - a +2 dagger of venom
 c - a +0 blowgun
 d - a +0 flail of protection
 e - a +1 halberd of flaming
 F - a +0 battleaxe
 H - the +7 hunting sling of Trial by Ordeal {velocity, Dex+2}
   (You found it on level 9 of the Dungeon)

   Any stone fired from it inflicts extra damage.
   It affects your dexterity (+2).
Missiles
 l - 49 poisoned needles
 s - a throwing net (quivered)
 u - 11 curare-tipped needles
 x - 107 arrows
 J - 161 sling bullets
Armour
 m - a +2 chain mail of fire resistance
 I - a +1 robe of magic resistance
 K - a +0 robe of positive energy
 U - a +2 helmet
 V - a +1 pair of gloves (worn)
 W - a +1 pair of boots (worn)
 X - a +0 leather armour of magic resistance (worn)
 Y - a +2 cloak (worn)
Jewellery
 A - a ring of poison resistance (left hand)
 C - an uncursed ring of ice
Wands
 g - a wand of teleportation (2/9)
 h - a wand of digging (16/24)
 r - a wand of polymorph (5/24)
 D - a wand of confusion (30/48)
 E - a wand of lightning (6/15)
 M - a wand of teleportation (1/9)
 P - a wand of lightning (4/15)
Scrolls
 f - a scroll of fog
 i - 6 scrolls of remove curse
 j - 4 scrolls of immolation
 o - a scroll of magic mapping
 y - a scroll of teleportation
 G - 2 scrolls of blinking
 O - a scroll of identify
Potions
 k - a potion of ambrosia
 n - a potion of lignification
 p - a potion of agility
 q - 28 potions of blood
 t - 2 potions of haste
 v - 3 potions of curing
 w - a potion of cancellation
 z - 4 potions of heal wounds
 B - 2 potions of berserk rage {!q}
Books
 N - a book of Annihilations

   Spells                             Type                      Level
   a - Poison Arrow                   Conjuration/Poison           6
   b - Chain Lightning                Conjuration/Air              8
   c - Lehudib's Crystal Spear        Conjuration/Earth            8
   d - Glaciate                       Conjuration/Ice              9
   e - Fire Storm                     Conjuration/Fire             9
Miscellaneous
 L - a box of beasts


   Skills:
 - Level 6.0 Fighting
 - Level 2.1 Short Blades
 * Level 12.2 Axes
 - Level 0.7 Armour
 - Level 2.1 Dodging
 - Level 13.7 Stealth
 - Level 1.5 Invocations


You had 10 spell levels left.
You didn't know any spells.

Dungeon Overview and Level Annotations

Branches:
Dungeon (10/15)            Temple (0/1) D:7            Lair (0/8) D:8
    Orc: D:9-12

Altars:
Ashenzari
Dithmenos
Fedhas
Kikubaaqudgha
Nemelex Xobeh
Okawaru
Pakellas
Qazlal
Sif Muna
Vehumet
Yredelemnul
Zin

Shops:
D:7 =   D:10 !


Innate Abilities, Weirdness & Mutations

Your natural rate of healing is extremely fast.
You have razor-sharp teeth.
You have supernaturally acute eyesight.
You can survive without breathing.
You have a pair of small horns on your head.
You are clumsy. (Dex -2)
Your body sometimes deteriorates upon taking damage.
You are dopey. (Int -2)
Your flesh is heat resistant.
You are resistant to hostile enchantments.
You are somewhat resistant to further mutation.
Your spells are a little harder to cast, but a little more powerful.
You expend magic power (3 MP) to strengthen your wands.


Message History

Things that are here:
a morningstar; a ring mail The orc shouts!
The orc wizard shouts!
The orc wizard gestures at you while chanting.
The magic dart hits you!
* * * LOW HITPOINT WARNING * * *
The orc hits you but does no damage. The orc closely misses you.
You hit the orc. Your headbutt misses the orc.
The orc is lightly wounded.
The orc hits you but does no damage.
You slash the orc wizard!
There is a sudden explosion of sparks!
You kill the orc wizard!
Lugonu accepts your kill.
You closely miss the orc.
The orc is lightly wounded.
You slash the orc!
You kill the orc!
Lugonu accepts your kill.
Things that are here:
a dagger; a robe You now have 741 gold pieces (gained 12).
There is an escape hatch in the ceiling here.
A mysterious force pulls you upwards. The hatch slams shut behind you.
There is a glowing silver altar of Zin here.
A wyvern comes into view.
The wyvern barely misses you.
You barely miss the wyvern.
The wyvern bites you but does no damage.
You barely miss the wyvern. The wyvern bites you.
* * * LOW HITPOINT WARNING * * *
The wyvern completely misses you.
Your leather armour prevents you from hitting the wyvern.
The wyvern bites you!
* * * LOW HITPOINT WARNING * * *
You hit the wyvern.
You headbutt the wyvern, but do no damage.
The wyvern is moderately wounded.
The wyvern bites you!
You die...

######.####.#########........
#.........#.#.........##.....
#.####.##.#......####.##....#
#.# #.##.....##.# #.##.#### #.#
#......####.####.##....[ #.#
######.##......#.####### #.#
###.##.#.##...#
##.#######...##.#.##...#
##............@l...##...#
#.........._.....####..########
#................# #...###.....
#................###...........
#..........8....###............
#.#.##..........# #.##.##.#####
#.#.##.........## #. #.##.#
#.........._...####.##.##.#
######.###...##......#.##.#####


You could see a wyvern.

Vanquished Creatures
  A starcursed mass (Abyss:5)
  An ugly thing (D:7)
  Joseph (D:10)
  An elephant (D:8)
  A troll (D:9)
  Grinder (D:3)
  3 blink frogs (Abyss:5)
  Prince Ribbit (D:5)
  A shadow (Abyss:3)
  Eustachio (D:4)
  2 wyverns (D:9)
  6 yaks (D:10)
  A hungry ghost (D:6)
  3 hippogriffs (D:9)
  Menkaure (D:7)
  Edmund (D:5)
  A water moccasin (D:8)
  2 orc warriors (D:9)
  An ice beast (D:9)
  2 sky beasts
  An eye of draining (Abyss:1)
  4 ogres
  4 centaurs
  5 scorpions
  4 wights (D:6)
  2 howler monkeys
  6 crimson imps
  A quasit (D:9)
  Crazy Yiuf (D:6)
  3 centaur zombies
  7 hounds
  4 jellies
  4 orc priests
  2 centaur skeletons
  An iguana (D:9)
  7 orc wizards
  5 worker ants
  Natasha (twice) (D:2)
  2 sheep (D:8)
  A hound skeleton (D:8)
  4 gnolls (D:3)
  11 adders
  4 shadow imps
  An ufetubus (Abyss:1)
  2 oozes
  An adder skeleton (D:7)
  An adder zombie (D:7)
  4 worms
  2 dart slugs
  10 giant geckos
  23 orcs
  3 giant cockroaches (D:1)
  6 goblins
  7 hobgoblins
  3 jackals (D:4)
  5 quokkas
  A ball python (D:1)
  7 bats
  A giant gecko skeleton (D:6)
  A giant gecko zombie (D:8)
  4 giant newts
  14 kobolds
  9 rats
222 creatures vanquished.

Vanquished Creatures (collateral kills)
  A great orb of eyes (Abyss:2)
  A large abomination (Abyss:2)
2 creatures vanquished.

Vanquished Creatures (others)
  2 small abominations (Abyss:5)
2 creatures vanquished.

Grand Total: 226 creatures vanquished

Notes
Turn   | Place    | Note
--------------------------------------------------------------
     0 | Abyss:1  | glosham the Vampire Abyssal Knight began the quest for the Orb.
     0 | Abyss:1  | Reached XP level 1. HP: 17/17 MP: 2/2
    54 | Abyss:1  | Noticed an eye of draining
    85 | Abyss:1  | Killed an eye of draining
    85 | Abyss:1  | Reached skill level 6 in Stealth
    85 | Abyss:1  | Reached XP level 2. HP: 23/23 MP: 1/3
    85 | Abyss:1  | Reached XP level 3. HP: 28/28 MP: 1/4
    85 | Abyss:1  | Reached XP level 4. HP: 34/34 MP: 1/5
   128 | Abyss:1  | Noticed a tentacled starspawn
   155 | Abyss:1  | Noticed a bone dragon
   171 | Abyss:1  | Noticed an insubstantial wisp
   273 | Abyss:1  | Noticed a neqoxec
   276 | Abyss:1  | Gained mutation: You are dopey. (Int -2) [a neqoxec]
   292 | Abyss:1  | Gained mutation: Your flesh is heat resistant. [a neqoxec]
   302 | Abyss:1  | Noticed an orange demon
   353 | Abyss:2  | Noticed a large abomination
   353 | Abyss:2  | Noticed a great orb of eyes
   362 | Abyss:2  | Killed a great orb of eyes
   362 | Abyss:2  | Reached skill level 10 in Stealth
   362 | Abyss:2  | Reached XP level 5. HP: 7/39 MP: 6/6
   362 | Abyss:2  | Reached XP level 6. HP: 8/46 MP: 7/7
   368 | Abyss:2  | Killed a large abomination
   368 | Abyss:2  | Reached skill level 11 in Stealth
   368 | Abyss:2  | Reached XP level 7. HP: 9/51 MP: 8/8
   424 | Abyss:2  | Noticed a Hell Sentinel
   450 | Abyss:3  | Noticed a neqoxec
   459 | Abyss:3  | Noticed a ynoxinul
   468 | Abyss:3  | Noticed a large abomination
   543 | Abyss:3  | Noticed a neqoxec
   550 | Abyss:3  | Noticed a thrashing horror
   551 | Abyss:3  | Noticed a large abomination
   569 | Abyss:3  | Noticed a smoke demon
   596 | Abyss:4  | Noticed an apocalypse crab
   600 | Abyss:5  | Entered Level 5 of the Abyss
   602 | Abyss:5  | Found a corrupted altar of Lugonu.
   609 | Abyss:5  | Noticed an unseen horror
   616 | Abyss:5  | Noticed a thrashing horror
   616 | Abyss:5  | Noticed an unseen horror
   617 | Abyss:5  | Noticed a hellwing
   652 | Abyss:5  | Noticed a ynoxinul
   669 | Abyss:5  | Noticed a sun demon
   682 | Abyss:5  | Noticed a large abomination
   737 | Abyss:5  | Noticed a starcursed mass
   737 | Abyss:5  | Noticed a raiju
   742 | Abyss:5  | Noticed a green very ugly thing
   742 | Abyss:5  | Noticed a green very ugly thing
   742 | Abyss:5  | Noticed a green ugly thing
   742 | Abyss:5  | Noticed a green ugly thing
   743 | Abyss:5  | Noticed a green very ugly thing
   743 | Abyss:5  | Noticed a spatial vortex
   744 | Abyss:5  | Noticed a spatial vortex
   745 | Abyss:5  | Noticed a spatial maelstrom
   745 | Abyss:5  | Noticed a spatial vortex
   746 | Abyss:5  | Noticed a spatial vortex
   747 | Abyss:5  | Noticed a spatial vortex
   754 | Abyss:5  | Noticed a rakshasa
   755 | Abyss:5  | Noticed an ophan
   755 | Abyss:5  | Noticed a rust devil
   755 | D:1      | Escaped the Abyss
  1083 | D:3      | Noticed Grinder
  1098 | D:3      | Reached * piety under Lugonu
  1126 | D:3      | Found a radiant altar of Vehumet.
  1167 | D:3      | Killed Grinder
  1167 | D:3      | Reached skill level 12 in Stealth
  1610 | D:2      | Found an oddly glowing altar of Pakellas.
  1661 | D:4      | Reached skill level 13 in Stealth
  1727 | D:4      | Noticed Eustachio
  1729 | D:4      | Killed Eustachio
  1729 | D:4      | Reached XP level 8. HP: 57/57 MP: 9/9
  1796 | D:3      | Reached ** piety under Lugonu
  1900 | D:3      | Reached skill level 1 in Axes
  2106 | D:2      | Found an iron altar of Okawaru.
  2294 | D:2      | Found a shadowy altar of Dithmenos.
  2407 | D:2      | Found a sparkling altar of Nemelex Xobeh.
  2408 | D:2      | Noticed Natasha
  2412 | D:2      | Killed Natasha
  2543 | D:2      | Found a stormy altar of Qazlal.
  2579 | D:2      | Noticed Natasha
  2712 | D:4      | Reached skill level 2 in Axes
  2858 | D:4      | Reached skill level 3 in Axes
  2923 | D:4      | Reached *** piety under Lugonu
  2959 | D:5      | Entered Level 5 of the Dungeon
  2962 | D:5      | Noticed Edmund
  2980 | D:5      | Killed Edmund
  2980 | D:5      | Reached skill level 4 in Axes
  3252 | D:5      | Reached skill level 5 in Axes
  3462 | D:5      | Noticed Prince Ribbit
  3599 | D:5      | Killed Prince Ribbit
  3599 | D:5      | Reached skill level 6 in Axes
  3599 | D:5      | Reached XP level 9. HP: 55/62 MP: 10/10
  3710 | D:6      | Reached skill level 7 in Axes
  3731 | D:6      | Found a deep blue altar of Sif Muna.
  3806 | D:6      | Reached **** piety under Lugonu
  4067 | D:6      | Reached skill level 8 in Axes
  4161 | D:6      | Noticed Crazy Yiuf
  4168 | D:6      | Killed Crazy Yiuf
  4238 | D:7      | Found Ceiromei's Jewellery Emporium.
  4282 | D:7      | Found an ancient bone altar of Kikubaaqudgha.
  4283 | D:7      | Found a blossoming altar of Fedhas.
  4322 | D:7      | Noticed a white ugly thing
  4379 | D:7      | Found a shattered altar of Ashenzari.
  4415 | D:7      | Reached skill level 3 in Fighting
  4533 | D:7      | Found a staircase to the Ecumenical Temple.
  4562 | D:7      | Noticed Menkaure
  4568 | D:7      | Killed Menkaure
  4746 | D:7      | Killed a white ugly thing
  4746 | D:7      | Reached skill level 4 in Fighting
  4746 | D:7      | Reached skill level 9 in Axes
  4771 | D:6      | Gained mutation: Your system is resistant to poisons. [potion of mutation]
  4771 | D:6      | Gained mutation: Your body sometimes deteriorates upon taking damage. [potion of mutation]
  4771 | D:6      | Gained mutation: You are resistant to hostile enchantments. [potion of mutation]
  4772 | D:6      | Gained mutation: You expend magic power (3 MP) to strengthen your wands. [potion of mutation]
  4773 | D:6      | Lost mutation: Your system is resistant to poisons. [potion of mutation]
  4773 | D:6      | Gained mutation: You are clumsy. (Dex -2) [potion of mutation]
  4774 | D:6      | Gained mutation: You have a pair of small horns on your head. [potion of mutation]
  4774 | D:6      | Gained mutation: Your spells are a little harder to cast, but a little more powerful. [potion of mutation]
  4822 | D:8      | Found a staircase to the Lair.
  4822 | D:8      | Noticed an elephant
  4961 | D:8      | Killed an elephant
  4961 | D:8      | Reached XP level 10. HP: 32/73 MP: 11/11
  5346 | D:8      | Reached ***** piety under Lugonu
  5359 | D:8      | Gained mutation: You are somewhat resistant to further mutation. [potion of mutation]
  5592 | Abyss:1  | Noticed a blizzard demon
  5597 | Abyss:1  | Noticed a worldbinder
  5629 | Abyss:2  | Found a corrupted altar of Lugonu.
  5753 | Abyss:3  | Noticed a wretched star
  5801 | Abyss:3  | Noticed an Executioner
  5840 | Abyss:3  | Noticed a necromancer
  5840 | Abyss:3  | Noticed a tentacled starspawn
  5842 | Abyss:3  | Noticed a spatial maelstrom
  5864 | Abyss:5  | Entered Level 5 of the Abyss
  5871 | Abyss:5  | Noticed a merfolk avatar
  5878 | Abyss:5  | Noticed a starcursed mass
  5892 | Abyss:5  | Reached skill level 5 in Fighting
  5894 | Abyss:5  | Got an abyssal rune of Zot
  5901 | Abyss:5  | Reached skill level 10 in Axes
  5940 | Abyss:5  | Killed a starcursed mass
  5947 | D:8      | Escaped the Abyss
  6036 | D:9      | Found a glowing silver altar of Zin.
  6101 | D:9      | Found an iron altar of Okawaru.
  6224 | D:9      | Reached skill level 6 in Fighting
  6250 | D:9      | Got an iridescent hunting sling
  6251 | D:9      | Identified the +7 hunting sling of Trial by Ordeal {velocity, Dex+2} (You found it on level 9 of the Dungeon)
  6330 | D:9      | Reached skill level 11 in Axes
  6710 | D:2      | Killed Natasha
  7077 | D:9      | HP: 3/76 [orc priest/divine providence (15)]
  7228 | D:9      | Found a basalt altar of Yredelemnul.
  7264 | D:9      | Reached XP level 11. HP: 70/81 MP: 12/12
  7317 | D:10     | Entered Level 10 of the Dungeon
  7450 | D:10     | Found Cealom's Distillery.
  7521 | D:10     | Reached skill level 12 in Axes
  7555 | D:10     | Noticed Joseph
  7580 | D:10     | Killed Joseph
  7628 | D:9      | HP: 3/81 [wyvern (13)]
  7629 | D:9      | Mangled by a wyvern

Skill      XL: |  1  2  3  4  5  6  7  8  9 10 11 |
---------------+----------------------------------+-----
Stealth        | 6 10 11 13 | 13.7
Axes           | 6 9 11 12 | 12.2
Fighting       | 4 6 |  6.0
Short Blades   | |  2.1
Armour         | |  0.7
Dodging        | |  2.1
Invocations    | |  1.5

Action                   |  1- 3 |  4- 6 |  7- 9 | 10-12 || total
-------------------------+-------+-------+-------+-------++-------
Melee: Short sword       |    30 |     5 |   144 |       ||   179
       Bite              |     5 |       |    32 |    22 ||    59
       Hand axe          |       |       |   272 |   271 ||   543
       Headbutt          |       |       |     3 |    27 ||    30
Throw: Throwing net      |       |       |     2 |       ||     2
Invok: Depart the Abyss  |       |       |     1 |     1 ||     2
       Bend Space        |       |       |       |     1 ||     1
       Enter the Abyss   |       |       |       |     1 ||     1
  Use: Scroll            |       |     2 |    23 |     5 ||    30
       Potion            |       |       |    22 |    20 ||    42
 Stab: Sleeping          |       |       |    63 |    14 ||    77
       Distracted        |       |       |     3 |     2 ||     5
       Held in net/web   |       |       |     1 |       ||     1
Armor: Leather armour    |       |     1 |   104 |    47 ||   152
       Skin              |       |       |       |     2 ||     2
Dodge: Dodged            |       |    10 |   196 |    83 ||   289

Table legend:
 A = Turns spent in this place as a percentage of turns spent in the entire game.
 B = Non-inter-level travel turns spent in this place as a percentage of non-inter-level travel turns spent in the entire game.
 C = Inter-level travel turns spent in this place as a percentage of turns spent in this place.
 D = Turns resting spent in this place as a percentage of non-inter-level travel turns spent in this place.
 E = Turns spent auto-exploring this place as a percentage of non-inter-level travel turns spent in this place.
 F = Non-inter-level travel turns spent in this place divided by the number of levels of this place that you've seen.
                   A       B       C       D       E      F
               +-------+-------+-------+-------+-------+----------------------
         Total | 100.0 | 100.0 |   0.5 |   0.3 |   0.0 | 290.5
       Dungeon |  81.4 |  81.3 |   0.7 |   0.2 |   0.0 | 472.3
         Abyss |  18.6 |  18.7 |   0.0 |   0.7 |   0.0 | 108.8
               +-------+-------+-------+-------+-------+----------------------

Table legend:
 A = Kills in this place as a percentage of kills in entire the game.
 B = Kills by you in this place as a percentage of kills by you in the entire game.
 C = Kills by friends in this place as a percentage of kills by friends in the entire game.
 D = Other kills in this place as a percentage of other kills in the entire game.
 E = Experience gained in this place as a percentage of experience gained in the entire game.
 F = Experience gained in this place divided by the number of levels of this place that you have seen.
                   A       B       C       D       E      F
               +-------+-------+-------+-------+-------+----------------------
         Total | 100.0 | 100.0 | 100.0 |  -nan | 100.0 | 655.2
       Dungeon |  96.0 |  96.8 |   0.0 |  -nan |  76.0 | 995.8
         Abyss |   4.0 |   3.2 | 100.0 |  -nan |  24.0 | 314.6
               +-------+-------+-------+-------+-------+----------------------

Vault maps used:
D:1:      lemuel_arrival_muddy
D:2:      nicolae_overflow_hidden_temple, grunt_dithmenos_smoke_and_mirrors,
          nicolae_overflow_crystal_walls, nicolae_qazlal_eye_of_the_storm,
          okawaru_gym_becter, uniq_natasha
D:3:      vehumet_crystals, minmay_bisected, uniq_grinder
D:4:      first_bread, uniq_eustachio
D:5:      uniq_edmund, uniq_prince_ribbit1
D:6:      lemuel_crystal_altar, uniq_crazy_yiuf_cottage
D:7:      grunt_temple_overflow_growth_and_decay, nicolae_ashenzari_panopticon,
          minmay_temple_entry_statues, serial_shops, kennysheep_mini,
          serial_glass, glass_columns_b, glass_columns_a, serial_park_tiny_pond,
          uniq_menkaure
D:8:      david_lair_generic
D:9:      lemuel_crystal_altar, grunt_temple_overflow_open
D:10:     serial_shops, shop, grunt_pizzeria, uniq_joseph
Abyss:1:  abyss_greek_temple
Abyss:2:  eino_small_chamber_without_monster, minivault_25_ag
Abyss:4:  kb_abyss_rune_zappy, evilmike_abyss_exit_11,
          kilobyte_mutagenic_chamber, evilmike_abyss_rune_acolytes_2,
          patterned_corridor
Abyss:5:  grunt_abyss_rune_the_horror, evilmike_abyss_exit_kraken,
          evilmike_abyss_rune_siren, evilmike_abyss_exit_7, minivault_26
